 Dungeon Crawl Stone Soup version 0.20.1-1-g8b1a95d (webtiles) character file.

60 QuCean the Skirmisher (level 3, 0/30 HPs)
             Began as a Demonspawn Berserker on Oct 4, 2017.
             Was a Believer of Trog.
             Succumbed to an adder's poison
             ... on level 2 of the Dungeon.
             The game lasted 00:12:34 (2509 turns).

QuCean the Skirmisher (Demonspawn Berserker)        Turns: 2509, Time: 00:12:35

Health: 0/30       AC:  2    Str: 18    XL:     3   Next: 80%
Magic:  3/3        EV: 12    Int:  8    God:    Trog [**....]
Gold:   123        SH:  0    Dex: 12    Spells: 2/2 levels left

rFire    . . .     SeeInvis .   a - +0 hand axe
rCold    . . .     Gourm    .   (no shield)
rNeg     . . .     Faith    .   b - +0 animal skin
rPois    .         Spirit   .   (helmet restricted)
rElec    .         Reflect  .   (no cloak)
rCorr    .         Harm     .   (no gloves)
MR       .....                  (no boots)
Stlth    +.........             (no amulet)
Regen    0.1/turn               (no ring)
MPRegen  0.1/turn               (no ring)

@: lethally poisoned (0 -> -15)
A: antennae 2
a: Berserk, Trog's Hand, Burn Spellbooks, Renounce Religion


You were on level 2 of the Dungeon.
You worshipped Trog.
Trog was pleased with you.
You were not hungry.

You visited 1 branch of the dungeon, and saw 3 of its levels.

You collected 123 gold pieces.

Inventory:

Hand Weapons
 a - a +0 hand axe (weapon)
 o - a +0 dagger
Armour
 b - a +0 animal skin (worn)
Jewellery
 s - an uncursed amulet of the gourmand {unknown}
Scrolls
 h - 2 scrolls of amnesia
 j - a scroll of identify
 q - a scroll of teleportation {unknown}
 r - a scroll of random uselessness {unknown}
Potions
 e - a potion of might {unknown}
 f - a potion of cancellation
 g - a potion of resistance {unknown}
 k - a potion of flight {unknown}
 l - a potion of heal wounds {unknown}
Comestibles
 c - 2 bread rations
 d - a meat ration
 m - 2 fruits
 p - a royal jelly
 t - a chunk of flesh


   Skills:
 + Level 3.7 Fighting
 + Level 3.5 Axes
 + Level 1.8 Armour
 + Level 2.1 Dodging


You had 2 spell levels left.
You didn't know any spells.

Dungeon Overview and Level Annotations

Branches:
Dungeon (3/15)

Altars:
Elyvilon

Annotations:
D:2 Terence


Innate Abilities, Weirdness & Mutations

You have a pair of antennae on your head.


Message History

h - 2 scrolls of amnesia Terence completely misses you.
The adder bites you.
* * * LOW HITPOINT WARNING * * *
As you read the scroll labeled DYFREPNIDO, it crumbles to dust.
The scroll dissolves into smoke.
It was a scroll of fog.
* * * LOW HITPOINT WARNING * * *
You feel sick. Terence closely misses you.
The adder bites you but does no damage.
As you read the scroll labeled JILLAWKASIE, it crumbles to dust.
The creatures around you are filled with an inner flame!
It was a scroll of immolation.
* * * LOW HITPOINT WARNING * * *
You feel sick. The adder bites you.
* * * LOW HITPOINT WARNING * * *
You are more poisoned.
The adder poisons you! Terence hits you with a short sword.
* * * LOW HITPOINT WARNING * * *
Okay, then.
It was a potion of cancellation.
You feel magically purged.
You die...

...###......#########<.###.######
###.#.####......#####..###.# #
##(## #.###.............# # #.#
#.# #.######..####### # #.# #.#
#.######..#####.## # #.# #.#
#.#..............### ###.# #.#
#.#§####.######.###. #...#
#.###§#§####.# #.###. #>###
#....§@@§§...######..... #(#
#####§§S§§............## #.#
###§####.#..#####.# #.# ### #.#
#.#..#####.## #.# ##.######.#
#.#........## #.#####.........#
#.##.#####.#. #..........######
#.##.####.... #######...##
#.#...##..... ##.## #............


You could see Terence (inner flame) and an adder (inner flame).

Vanquished Creatures
  An adder (D:2)
  An ooze (D:2)
  A leopard gecko (D:2)
  4 bats (D:1)
  2 giant cockroaches (D:2)
  7 goblins
  4 hobgoblins
  3 jackals (D:1)
  3 frilled lizards
  10 kobolds
  7 rats
43 creatures vanquished.

Notes
Turn   | Place    | Note
-------+----------+-------------------------------------------
     0 | D:1      | QuCean the Demonspawn Berserker began the quest for the Orb.
     0 | D:1      | Reached XP level 1. HP: 18/18 MP: 1/1
   470 | D:1      | Gained mutation: You have a pair of small antennae on your head. [demonic ancestry]
   470 | D:1      | Reached XP level 2. HP: 16/24 MP: 2/2
  1530 | D:2      | Reached ** piety under Trog
  1687 | D:2      | Gained mutation: You have a pair of antennae on your head. [demonic ancestry]
  1687 | D:2      | Reached XP level 3. HP: 29/29 MP: 3/3
  1792 | D:2      | Found a white marble altar of Elyvilon.
  2497 | D:3      | Noticed Terence
  2508 | D:2      | HP: 1/30 [Terence/short sword (2)]
  2509 | D:2      | Succumbed to an adder's poison

Skill      XL: |  1  2 |
---------------+-------+-----
Axes           | 3 |  3.5
Dodging        | 2 |  2.1
Fighting       | |  3.7
Armour         | |  1.8

Action                   || total
-------------------------++-------
Melee: Hand axe          ||   125
  Use: Scroll            ||     3
       Potion            ||     1
 Stab: Sleeping          ||     2
  Eat: Chunk             ||     3
       Fruit             ||     2
Armor: Animal skin       ||    35
Dodge: Dodged            ||   109
